 Dungeon Crawl Stone Soup version 0.18-a0-1666-g3ea6f2b (webtiles) character file.

7779 inmateoo the Gouger (level 11, -4/52 HPs)
             Began as a Felid Summoner on Mar 31, 2016.
             Was a High Priest of Makhleb.
             Killed from afar by an efreet (28 damage)
             ... with a fireball
             ... on level 13 of the Dungeon.
             The game lasted 00:37:48 (17481 turns).

inmateoo the Gouger (Felid Summoner)               Turns: 17481, Time: 00:37:49

Health: -4/52      AC:  5    Str:  6    XL:     11   Next: 1%
Magic:  3/19       EV: 26    Int: 27    God:    Makhleb [*****.]
Gold:   660        SH:  3    Dex: 18    Spells: 5 memorised, 5 levels left
                                        Lives:  0   Deaths: 2

rFire  . . .     SeeInvis +       - Unarmed
rCold  . . .     Gourm    .     (armour unavailable)
rNeg   . . .     Faith    .     (shield unavailable)
rPois  +         Spirit   .     (helmet unavailable)
rElec  .         Dismiss  .     (cloak unavailable)
rCorr  .         Reflect  +     (gloves unavailable)
SustAt .         Harm     .     (boots unavailable)
MR     +++..     Rnd*Rage +     G - +3 amulet of reflection
Stlth  +++++.....               A - +5 ring of intelligence
                                H - +5 ring of intelligence

@: very slightly contaminated, quick, extremely resistant to hostile
enchantments, quite stealthy
A: no armour, no weapons or thrown items, claws 1, fangs 3, icy blue scales 1,
slimy green scales 1, see invisible, berserk 1, carnivore 3, speed 1, low mp 1,
magic resistance 2, poison resistance, shaggy fur 2, slow metabolism 1, subdued
magic 1, sharp paws
a: Minor Destruction, Lesser Servant of Makhleb, Major Destruction, Greater
Servant of Makhleb, Renounce Religion


You were on level 13 of the Dungeon.
You worshipped Makhleb.
Makhleb was extremely pleased with you.
You were not hungry.

You visited 2 branches of the dungeon, and saw 16 of its levels.

You collected 825 gold pieces.
You spent 165 gold pieces at shops.

Inventory:

Jewellery
 w - an uncursed ring of resist corrosion
 A - a +5 ring of intelligence (right paw)
 E - a +4 ring of dexterity
 G - a +3 amulet of reflection (around neck)
 H - a +5 ring of intelligence (left paw)
Wands
 i - a wand of polymorph (11/24)
 q - a wand of random effects (28/48)
 s - a wand of iceblast (0/15)
 u - a wand of disintegration (3/24)
 B - a wand of digging (19/24)
 F - a wand of flame (3/48)
 K - a wand of random effects (27/48)
Scrolls
 e - 3 scrolls of fear
 g - 4 scrolls of identify
 k - a scroll of enchant weapon {unknown}
 t - 2 scrolls of magic mapping
 v - a scroll of recharging
 y - a scroll of teleportation
 z - a scroll of holy word {unknown}
 C - 5 scrolls of remove curse
 D - 2 scrolls of fog
Potions
 c - a potion of invisibility {unknown}
 d - a potion of magic
 f - 2 potions of ambrosia
 h - 2 potions of resistance
 j - 2 potions of might
 l - a potion of curing
 m - a potion of cure mutation
 p - 2 potions of brilliance
 r - 4 potions of cancellation
 J - a potion of flight
Books
 a - a book of Callings

   Spells                             Type                      Level
   a - Summon Small Mammal            Summoning                    1
   b - Call Imp                       Summoning                    2
   c - Call Canine Familiar           Summoning                    3
   d - Summon Guardian Golem          Hexes/Summoning              3
   e - Summon Lightning Spire         Summoning/Air                4
   f - Summon Ice Beast               Ice/Summoning                4
 o - a book of Dreams

   Spells                             Type                      Level
   a - Ensorcelled Hibernation        Hexes/Ice                    2
   b - Silence                        Hexes/Air                    5
   c - Darkness                       Hexes                        6
   d - Shadow Creatures               Summoning                    6
 x - a book of the Sky

   Spells                             Type                      Level
   a - Summon Lightning Spire         Summoning/Air                4
   b - Airstrike                      Air                          4
   c - Silence                        Hexes/Air                    5
   d - Deflect Missiles               Charms/Air                   6
   e - Conjure Ball Lightning         Conjuration/Air              6
   f - Tornado                        Air                          9
Comestibles
 b - 7 meat rations
 n - a slice of pizza


   Skills:
 + Level 8.8 Fighting
 + Level 9.6 Dodging
 - Level 8.5 Stealth
 * Level 10.1 Unarmed Combat
 + Level 6.4 Spellcasting
 - Level 4.0 Hexes
 * Level 8.2 Summonings
 - Level 4.7 Ice Magic
 - Level 2.1 Invocations


You had 5 spell levels left.
You knew the following spells:

 Your Spells              Type           Power        Failure   Level  Hunger
a - Summon Ice Beast      Ice/Summ       ####....     1%          4    ###....
b - Call Imp              Summ           #####...     1%          2    None
c - Call Canine Familiar  Summ           #####...     1%          3    None
d - Ensorcelled Hibernat  Hex/Ice        ###...       1%          2    None
e - Shadow Creatures      Summ           N/A          24%         6    ######.


Dungeon Overview and Level Annotations

Branches:
Dungeon (15/15)            Temple (1/1) D:4            Lair (0/8) D:10
    Orc (0/2) D:12         Vaults (0/5) D:13
 Depths: D:15

Altars:
Ashenzari
Cheibriados
Dithmenos
Elyvilon
Gozag
Kikubaaqudgha
Makhleb
Nemelex Xobeh
Pakellas
Qazlal
Ru
Sif Muna
Trog
Xom
Yredelemnul
Zin
The Shining One

Shops:
D:5 !   D:11 :   D:12 (:

Annotations:
D:3 Grinder
D:4 George's ghost, amateur MiFi
D:12 Rupert


Innate Abilities, Weirdness & Mutations

You cannot wear armour.
You are incapable of wielding weapons or throwing items.
You have sharp claws.
You have razor-sharp teeth.
You have supernaturally acute eyesight.
You are carnivorous and can eat meat at any time.
You cover ground quickly.
You are covered in thick fur (AC +2).
You have a slow metabolism.
Your sharp claws are effective at attacking unaware monsters.
You are partially covered in icy blue scales (AC +1).
You are partially covered in slimy green scales (AC +2).
You tend to lose your temper in combat.
Your magical capacity is low (-10% MP).
You are highly resistant to hostile enchantments.
Your system is resistant to poisons.
Your spells are a little easier to cast, but a little less powerful.


Message History

Unknown command.
Your skeletal warrior dissolves into shadows!
The efreet gestures at you.
The fireball explodes!
The fireball engulfs you!
Ouch! That really hurt!
You hear an angry buzzing noise. x2
Unknown command.
Your skeletal warrior dissolves into shadows! x2
Unknown command.
Your skeletal warrior hits the efreet with a dire flail!
The efreet closely misses your skeletal warrior.
Unknown command.
Your skeletal warrior hits the efreet but does no damage.
Unknown command.
Your skeletal warrior barely misses the efreet.
Unknown command.
The efreet gestures at you.
The fireball explodes!
The fireball engulfs you!
Ouch! That really hurt!
You die...

####.........###
...............#
...............#########
..§....................#.
.........................
.........................
......§§R....######....##
.......z.....# ####
..........@..#
..########)..# .# . ##..#
.# ##†######.# #........#
#.....<..# ####.....#
##....###### ##........#


You could see an efreet and a friendly skeletal warrior.

Vanquished Creatures
  Maud (D:11)
  2 hydras
  Erica (D:10)
  Sonja (D:10)
  Nergalle (D:10)
  An unseen horror (D:14)
  2 hill giants
  A deep elf mage (D:13)
  2 centaur skeletons (D:11)
  A komodo dragon (D:13)
  3 trolls
  3 two-headed ogres
  A wyvern (D:11)
  A wraith (D:11)
  7 yaks
  A steam dragon (D:12)
  2 vampire mosquitoes (D:14)
  4 hippogriffs
  A soldier ant (D:12)
  A hell hound (D:10)
  6 orc warriors
  An ice beast (D:8)
  5 sky beasts
  A black bear (D:12)
  A phantom (D:7)
  A necrophage (D:12)
  2 wolves (D:11)
  An ogre (D:14)
  4 centaurs
  A big kobold (D:8)
  6 giant frogs
  2 gnoll sergeants
  5 killer bees
  3 wights
  4 howler monkeys
  A crimson imp (D:8)
  3 centaur zombies
  A giant frog zombie (D:12)
  3 jellies
  3 giant frog skeletons
  3 hounds
  4 orc priests
  Jessica (D:2)
  Ijyb (D:2)
  An iguana (D:11)
  12 orc wizards
  8 worker ants
  8 gnolls
  5 adders
  2 shadow imps (D:10)
  An ooze (D:2)
  An adder zombie (D:5)
  An adder skeleton (D:8)
  3 worms
  12 giant geckos
  21 orcs
  A ball python (D:1)
  6 giant cockroaches
  5 hobgoblins
  8 jackals
  4 quokkas
  4 bats
  10 giant newts
  5 goblins
  7 kobolds
  A quokka zombie (D:5)
  9 rats
235 creatures vanquished.

Vanquished Creatures (collateral kills)
  Erolcha (D:10)
  2 cyclopes
  A kobold demonologist (D:13)
  A troll (D:13)
  A two-headed ogre (D:8)
  Grum (D:11)
  A hippogriff (D:7)
  2 orc warriors (D:12)
  A black bear (D:7)
  2 sky beasts
  A wolf (D:11)
  2 ogres
  A centaur (D:10)
  A wyvern skeleton (D:6)
  2 killer bees (D:14)
  2 howler monkeys (D:8)
  2 crimson imps
  3 orc priests
  5 orc wizards
  An iguana (D:5)
  A howler monkey zombie (D:10)
  9 gnolls
  5 adders
  2 worms
  A dart slug (D:2)
  2 giant geckos (D:5)
  18 orcs
  A bat (D:2)
  A giant cockroach (D:3)
  A goblin (D:1)
  7 hobgoblins
  3 jackals
  A kobold (D:3)
  A quokka (D:3)
  A ball python (D:3)
  3 giant newts
  2 rats
92 creatures vanquished.

Vanquished Creatures (others)
  2 orcs (D:14)
2 creatures vanquished.

Grand Total: 329 creatures vanquished

Notes
Turn   | Place    | Note
--------------------------------------------------------------
     0 | D:1      | inmateoo the Felid Summoner began the quest for the Orb.
     0 | D:1      | Reached XP level 1. HP: 7/7 MP: 4/4
   403 | D:1      | Reached skill level 1 in Fighting
   462 | D:1      | Reached XP level 2. HP: 6/12 MP: 6/6
   550 | D:1      | Reached skill level 1 in Unarmed Combat
  1068 | D:1      | Reached XP level 3. HP: 14/15 MP: 4/7
  1318 | D:1      | Learned a level 2 spell: Call Imp
  1322 | D:1      | Learned a level 3 spell: Call Canine Familiar
  1355 | D:2      | Noticed Ijyb
  1391 | D:2      | Killed Ijyb
  1844 | D:2      | Noticed Jessica
  1847 | D:2      | Killed Jessica
  1847 | D:2      | Reached skill level 2 in Unarmed Combat
  1847 | D:2      | Reached XP level 4. HP: 20/20 MP: 8/8
  3030 | D:3      | Found an ancient bone altar of Kikubaaqudgha.
  3142 | D:3      | Noticed Grinder
  3714 | D:3      | Reached XP level 5. HP: 24/24 MP: 6/9
  4098 | D:4      | Reached skill level 3 in Unarmed Combat
  4703 | D:4      | Learned a level 2 spell: Ensorcelled Hibernation
  4934 | D:4      | Noticed George's ghost (amateur MiFi)
  5056 | D:4      | Found a staircase to the Ecumenical Temple.
  5068 | Temple   | Entered the Ecumenical Temple
  5116 | Temple   | Became a worshipper of Makhleb the Destroyer
  5300 | D:4      | Found a stormy altar of Qazlal.
  5300 | D:4      | Found an oddly glowing altar of Pakellas.
  5301 | D:4      | Found a sacrificial altar of Ru.
  5571 | D:5      | Entered Level 5 of the Dungeon
  5596 | D:5      | Found Laitara's Distillery.
  5604 | D:5      | Bought a potion of curing for 33 gold pieces
  5604 | D:5      | Bought a potion of agility for 44 gold pieces
  5604 | D:5      | Bought a potion of cancellation for 88 gold pieces
  5697 | D:5      | Noticed an ogre
  5703 | D:5      | Killed an ogre
  5703 | D:5      | Gained mutation: You are covered in thick fur (AC +2). [Felid growth]
  5703 | D:5      | Reached XP level 6. HP: 18/28 MP: 3/10
  5895 | D:5      | Noticed a sky beast
  5916 | D:5      | Killed a sky beast
  5967 | D:5      | Gained mutation: You are resistant to hostile enchantments. [mutagenic meat]
  5969 | D:5      | Gained mutation: You are frail (-10% HP). [mutagenic meat]
  5970 | D:5      | Gained mutation: You occasionally shout uncontrollably at your foes. [mutagenic meat]
  5971 | D:5      | Gained mutation: You are partially covered in slimy green scales (AC +2). [mutagenic meat]
  5972 | D:5      | Gained mutation: You expend magic power (3 MP) to strengthen your wands. [mutagenic meat]
  6172 | D:5      | Reached skill level 4 in Unarmed Combat
  6172 | D:5      | Reached skill level 1 in Hexes
  6443 | D:5      | Reached * piety under Makhleb
  7072 | D:6      | Reached XP level 7. HP: 28/28 MP: 5/11
  7092 | D:6      | Found an oddly glowing altar of Pakellas.
  7261 | D:6      | Found a snail-covered altar of Cheibriados.
  7397 | D:6      | Reached skill level 5 in Dodging
  7705 | D:7      | Reached ** piety under Makhleb
  7893 | D:7      | Reached skill level 5 in Unarmed Combat
  8016 | D:7      | Noticed a hippogriff
  8040 | D:7      | Killed a hippogriff
  8390 | D:7      | Reached XP level 8. HP: 32/32 MP: 3/13
  8391 | D:7      | Reached skill level 5 in Fighting
  8515 | D:8      | Lost mutation: You are frail (-10% HP). [mutagenic meat]
  8516 | D:8      | Gained mutation: You sometimes yell uncontrollably at your foes. [mutagenic meat]
  8517 | D:8      | Gained mutation: You are surrounded by a mild repulsion field (EV +2). [mutagenic meat]
  8518 | D:8      | Gained mutation: You are resistant to electric shocks. [mutagenic meat]
  8646 | D:8      | Noticed a two-headed ogre
  8668 | D:8      | Killed a two-headed ogre
  8668 | D:8      | Reached skill level 5 in Summonings
  8884 | D:8      | Reached skill level 6 in Unarmed Combat
  9144 | D:8      | Lost mutation: You expend magic power (3 MP) to strengthen your wands. [potion of cure mutation]
  9144 | D:8      | Lost mutation: You are surrounded by a mild repulsion field (EV +2). [potion of cure mutation]
  9144 | D:8      | Lost mutation: You sometimes yell uncontrollably at your foes. [potion of cure mutation]
  9144 | D:8      | Lost mutation: You are resistant to electric shocks. [potion of cure mutation]
  9144 | D:8      | Lost mutation: You are resistant to hostile enchantments. [potion of cure mutation]
  9360 | D:8      | Reached XP level 9. HP: 41/41 MP: 15/15
  9386 | D:8      | Reached *** piety under Makhleb
  9467 | D:8      | Found a basalt altar of Yredelemnul.
  9606 | D:8      | Identified a scroll of acquirement
 10246 | D:9      | Learned a level 4 spell: Summon Ice Beast
 10394 | D:8      | Found a deep blue altar of Sif Muna.
 10394 | D:8      | Found a glowing silver altar of Zin.
 10569 | D:9      | Gained mutation: You tend to lose your temper in combat. [potion of mutation]
 10569 | D:9      | Lost mutation: You occasionally shout uncontrollably at your foes. [potion of mutation]
 10569 | D:9      | Gained mutation: You are resistant to hostile enchantments. [potion of mutation]
 10570 | D:9      | Gained mutation: You are highly resistant to hostile enchantments. [potion of mutation]
 10570 | D:9      | Gained mutation: Your spells are a little easier to cast, but a little less powerful. [potion of mutation]
 10570 | D:9      | Gained mutation: You are extremely resistant to the effects of hostile enchantments. [potion of mutation]
 10759 | D:10     | Entered Level 10 of the Dungeon
 10759 | D:10     | Noticed a troll
 10762 | D:10     | Killed a troll
 10762 | D:10     | Reached skill level 5 in Stealth
 10762 | D:10     | Reached skill level 1 in Ice Magic
 11045 | D:10     | Found a staircase to the Lair.
 11052 | D:10     | Noticed Nergalle
 11162 | D:11     | Noticed a hill giant
 11183 | D:11     | Killed a hill giant
 11183 | D:11     | Reached skill level 7 in Unarmed Combat
 11202 | D:11     | Reached **** piety under Makhleb
 11456 | D:11     | Reached XP level 10. HP: 47/47 MP: 8/18
 11736 | D:11     | Found Her Ytee's Book Boutique.
 11828 | D:10     | Noticed Sonja
 11831 | D:10     | Killed Sonja
 11831 | D:10     | Reached skill level 8 in Unarmed Combat
 11831 | D:10     | Reached skill level 5 in Spellcasting
 12125 | D:10     | Killed Nergalle
 12259 | D:10     | Noticed a hill giant
 12268 | D:10     | Killed a hill giant
 12648 | D:10     | Noticed Erolcha
 12664 | D:10     | Killed Erolcha
 12664 | D:10     | Reached XP level 11. HP: 51/51 MP: 5/20
 12996 | D:10     | Noticed Erica
 13001 | D:10     | Killed Erica
 13093 | D:10     | Gained mutation: Your magical capacity is low (-10% MP). [mutagenic meat]
 13094 | D:10     | Gained mutation: Your mind is acute. (Int +2) [mutagenic meat]
 13095 | D:10     | Lost mutation: Your mind is acute. (Int +2) [mutagenic meat]
 13098 | D:10     | Gained mutation: Your flesh is cold resistant. [mutagenic meat]
 13142 | D:11     | Reached ***** piety under Makhleb
 13185 | D:11     | Noticed Maud
 13363 | D:11     | HP: 2/76 [Maud/war axe of chopping (3)]
 13369 | D:11     | Mangled by Maud
 13370 | D:11     | Reached XP level 10. HP: -8/48 MP: 17/17
 13439 | D:11     | Killed Maud
 13439 | D:11     | Reached skill level 9 in Unarmed Combat
 13439 | D:11     | Reached skill level 1 in Invocations
 13512 | D:11     | Lost mutation: Your flesh is cold resistant. [mutagenic meat]
 13514 | D:11     | Lost mutation: You are extremely resistant to the effects of hostile enchantments. [mutagenic meat]
 13515 | D:11     | Gained mutation: You are weak. (Str -2) [mutagenic meat]
 13516 | D:11     | Lost mutation: You are weak. (Str -2) [mutagenic meat]
 13666 | D:11     | Noticed Grum
 13707 | D:11     | Killed Grum
 14079 | D:12     | Found a staircase to the Orcish Mines.
 14079 | D:12     | Found Nunn's Weapon Boutique.
 14286 | D:12     | Noticed Rupert
 14343 | D:12     | Learned a level 6 spell: Shadow Creatures
 14518 | D:12     | Found Tias's Book Shoppe.
 14542 | D:12     | Noticed a six-headed hydra
 14565 | D:12     | a six-headed hydra changed into a giant leech
 15269 | D:12     | Noticed an entropy weaver
 15269 | D:12     | a giant leech changed into an entropy weaver
 15508 | D:12     | Noticed a cyclops
 15517 | D:12     | Reached XP level 11. HP: 43/52 MP: 17/18
 15603 | D:12     | Noticed a five-headed hydra
 15713 | D:12     | Killed a five-headed hydra
 15902 | D:13     | Noticed a deep elf mage
 16253 | D:14     | Found a white marble altar of Elyvilon.
 16266 | D:14     | Noticed a brown ugly thing
 16267 | D:14     | Noticed a brown ugly thing
 16268 | D:14     | Noticed a brown ugly thing
 16268 | D:14     | Noticed a brown ugly thing
 16268 | D:14     | Noticed a brown ugly thing
 16268 | D:14     | Noticed a brown ugly thing
 16272 | D:15     | Entered Level 15 of the Dungeon
 16288 | D:15     | Noticed a white ugly thing
 16289 | D:15     | Noticed a white ugly thing
 16290 | D:15     | Noticed a white ugly thing
 16291 | D:15     | Slain by a wolf spider zombie
 16292 | D:15     | Reached XP level 10. HP: -2/49 MP: 18/18
 16704 | D:14     | Noticed an unseen horror
 16707 | D:14     | Killed an unseen horror
 16724 | D:14     | Noticed a cyclops
 16737 | D:14     | Killed a cyclops
 17108 | D:13     | Found a gate to the Vaults.
 17108 | D:13     | Noticed a vault guard
 17108 | D:13     | Noticed a vault guard
 17108 | D:13     | Noticed a vault guard
 17137 | D:13     | Noticed an unseen horror
 17137 | D:13     | Noticed a vault guard
 17279 | D:13     | Reached skill level 10 in Unarmed Combat
 17348 | D:13     | Gained mutation: Your system is resistant to poisons. [mutagenic meat]
 17349 | D:13     | Gained mutation: You are partially covered in icy blue scales (AC +1). [mutagenic meat]
 17410 | D:13     | Noticed a seven-headed hydra
 17426 | D:13     | Killed a seven-headed hydra
 17446 | D:13     | Killed a deep elf mage
 17469 | D:13     | Reached XP level 11. HP: 52/52 MP: 1/19
 17481 | D:13     | Killed from afar by an efreet

Vault maps used:
D:1:      dpeg_arrival_tiny_a
D:2:      first_bread, uniq_jessica, uniq_iyjb
D:3:      nicolae_overflow_crystal_walls, due_unseen_surprise, uniq_grinder
D:4:      gammafunk_temple_overflow_claw, minmay_temple_entry_grid
D:5:      serial_shops, nicolae_shop_temple_entry_statues_fountains,
          minmay_lizard_king
D:6:      cheibrodos_worm_habitat, grunt_pakellas_mercury
D:8:      nicolae_overflow_hidden_temple, blue_anna_alchemist
D:9:      serial_glass, glass_columns_c, glass_columns_a
D:10:     minmay_lair_entry_lava, uniq_erolcha, uniq_sonja, uniq_nergalle,
          uniq_erica
D:11:     serial_shops, nicolae_shop_crystal, uniq_maud, uniq_grum
D:12:     orc_david_3, serial_shops, shop, uniq_rupert
D:13:     hangedman_cross_veins, lightli_vaults_fourway_checkpoint,
          serial_shops, nicolae_shop_behind_doors, uniq_azrael
D:14:     nicolae_lava_and_water, elyvilon_altar_5
D:15:     grunt_enter_depths_magical_seal, tso_altar
Temple:   water_room_temple_b_12

Skill      XL: |  1  2  3  4  5  6  7  8  9 10 11 |
---------------+----------------------------------+-----
Fighting       | 1 2 3 4 6 7 8 |  8.8
Dodging        | 3 4 5 6 7 9 |  9.6
Unarmed Combat | 1 2 3 4 5 6 7 10 | 10.1
Hexes          | 1 2 4 |  4.0
Spellcasting   | 3 4 5 6 |  6.4
Summonings     | 5 8 7 |  8.2
Stealth        | 4 5 8 |  8.5
Ice Magic      | 2 4 |  4.7
Invocations    | 1 2 |  2.1

Action                   |  1- 3 |  4- 6 |  7- 9 | 10-12 || total
-------------------------+-------+-------+-------+-------++-------
Melee: Unarmed           |    87 |   216 |   282 |   417 ||  1002
 Cast: Summon Small Mamm |    22 |       |       |       ||    22
       Call Canine Famil |     4 |    37 |    23 |     8 ||    72
       Call Imp          |       |    19 |    29 |    11 ||    59
       Ensorcelled Hiber |       |     2 |    13 |    12 ||    27
       Summon Ice Beast  |       |       |     2 |    47 ||    49
       Shadow Creatures  |       |       |       |     6 ||     6
Evoke: Wand              |       |     1 |     4 |    24 ||    29
  Use: Scroll            |     2 |     9 |    10 |     7 ||    28
       Potion            |       |       |     7 |    10 ||    17
 Stab: Sleeping          |     5 |    10 |    17 |    24 ||    56
       Distracted        |     1 |     1 |     6 |     6 ||    14
  Eat: Chunk             |     5 |    25 |    17 |    39 ||    86
       Royal jelly       |       |       |       |     2 ||     2
       Beef jerky        |       |       |       |     1 ||     1
